 Dungeon Crawl Stone Soup version 0.17-a0-2098-gf59d6bc (webtiles) character file.

2145 knightlybrigand the Fighter (level 9, 0/81 HPs)
             Began as a Minotaur Fighter on Oct 17, 2015.
             Was a Believer of Okawaru.
             Slain by a gnoll (7 damage)
             ... on level 7 of the Dungeon.
             The game lasted 00:24:06 (5533 turns).

knightlybrigand the Fighter (Minotaur Fighter)      Turns: 5533, Time: 00:24:07

Health: 0/81       AC:  7    Str: 25    XL:     9   Next: 9%
Magic:  8/8        EV:  8    Int:  5    God:    Okawaru [**....]
Gold:   210        SH: 12    Dex:  9    Spells: 0 memorised, 8 levels left

rFire  . . .     SeeInvis .     a - +1 long sword
rCold  + . .     Clarity  .     h - +0 scale mail {rPois}
rNeg   . . .     SustAt   .     c - +1 shield
rPois  +         Gourm    .     (helmet restricted)
rElec  .         Spirit   .     (no cloak)
rCorr  .         Warding  .     (no gloves)
rMut   .         Stasis   .     (no boots)
MR     .....                    (no amulet)
Stlth  +.........               b - ring of stealth
                                k - ring of protection from cold

@: not resistant to hostile enchantments, very unstealthy
A: retaliatory headbutt, horns 2
a: Heroism, Renounce Religion


You were on level 7 of the Dungeon.
You worshipped Okawaru.
Okawaru was pleased with you.
You were hungry.

You visited 2 branches of the dungeon, and saw 8 of its levels.

You collected 294 gold pieces.
You spent 84 gold pieces at shops.

Inventory:

Hand Weapons
 a - a +1 long sword (weapon)
 s - a +0 whip of electrocution
 y - a +1 flail of holy wrath
Missiles
 v - 6 arrows of dispersal
 D - 20 poisoned needles
Armour
 c - a +1 shield (worn)
 h - a +0 scale mail of poison resistance (worn)
Jewellery
 b - a ring of stealth (right hand)
 k - a ring of protection from cold (left hand)
 A - an uncursed ring of stealth
 B - an uncursed amulet of stasis
Wands
 n - a wand of draining (0)
 r - a wand of lightning (2)
Scrolls
 o - a scroll of fog
 q - 2 scrolls of teleportation
 t - a scroll of random uselessness
 u - 3 scrolls of enchant armour
 z - 2 scrolls of recharging
 E - 2 scrolls of identify
Potions
 d - a potion of might
 f - 3 potions of curing
 g - 2 potions of agility
 j - 3 potions of brilliance
 w - a potion of resistance {unknown}
 x - a potion of haste
 F - a potion of lignification {unknown}
Comestibles
 e - 4 bread rations
 i - 2 meat rations
 l - 4 fruits
 m - a royal jelly
 C - a slice of pizza


   Skills:
 * Level 8.0 Fighting
 * Level 7.7 Long Blades
 - Level 5.0 Maces & Flails
 * Level 6.0 Armour
 * Level 8.0 Shields


You had 8 spell levels left.
You didn't know any spells.

Dungeon Overview and Level Annotations

Branches:
Dungeon (7/15)             Temple (1/1) D:4

Altars:
Ashenzari
Cheibriados
Dithmenos
Elyvilon
Fedhas
Gozag
Kikubaaqudgha
Makhleb
Nemelex Xobeh
Okawaru
Qazlal
Ru
Sif Muna
Trog
Xom
Yredelemnul
Zin

Shops:
D:6 (


Innate Abilities, Weirdness & Mutations

You reflexively headbutt those who attack you in melee.
You have a pair of horns on your head.


Message History

You closely miss the gnoll.
The gnoll is lightly wounded.
You block the gnoll's attack.
The gnoll hits you from afar with a spear.
* * * LOW HITPOINT WARNING * * *
You slash the gnoll!
The gnoll is severely wounded.
The gnoll hits you.
* * * LOW HITPOINT WARNING * * *
You block the gnoll's attack. x2
You closely miss the gnoll.
The gnoll is lightly wounded.
The gnoll hits you.
* * * LOW HITPOINT WARNING * * *
You block the gnoll's attack. x2
You closely miss the gnoll. You headbutt the gnoll.
The gnoll is almost dead.
You are feeling hungry.
The gnoll hits you!
You die...

#..... #....... #
....... ...#......
##.#.....# ...
.....## ##### #
#...####...#### #.###
#........g....#
#.....#.......gg@...#
..g#......###########
##$#(###..#
...#..g...#
#.....#...#
#.###.#...#
#g.$%.#...#
...#......#
##.#[###..#


You could see 3 gnolls.

Vanquished Creatures
  A water moccasin (D:7)
  An orc warrior (D:7)
  A sky beast (D:7)
  An ice beast (D:5)
  A necrophage (D:7)
  3 centaurs
  3 ogres
  A big kobold (D:6)
  2 giant frogs (D:7)
  A water moccasin zombie (D:6)
  A centaur zombie (D:7)
  2 crimson imps
  3 jellies
  A quasit (D:7)
  3 orc priests (D:4)
  An iguana (D:7)
  2 orc wizards (D:7)
  Jessica (D:2)
  Terence (D:3)
  5 hounds
  4 worker ants
  A hound skeleton (D:4)
  8 adders
  4 gnolls
  2 adder skeletons
  5 worms
  5 giant geckos
  16 orcs
  3 giant cockroaches
  4 goblins
  10 hobgoblins
  10 jackals
  4 quokkas
  A ball python (D:3)
  9 bats
  3 giant newts
  A jackal skeleton (D:4)
  11 kobolds
  A quokka zombie (D:7)
  5 rats
142 creatures vanquished.

Vanquished Creatures (others)
  A plant (D:6)
1 creature vanquished.

Grand Total: 143 creatures vanquished

Notes
Turn   | Place    | Note
--------------------------------------------------------------
     0 | D:1      | knightlybrigand the Minotaur Fighter began the quest for the Orb.
     0 | D:1      | Reached XP level 1. HP: 19/19 MP: 0/0
   194 | D:1      | Reached XP level 2. HP: 22/27 MP: 1/1
   509 | D:1      | Reached skill level 4 in Armour
   693 | D:1      | Reached XP level 3. HP: 33/33 MP: 2/2
  1118 | D:2      | Noticed Jessica
  1120 | D:2      | Killed Jessica
  1293 | D:2      | Reached XP level 4. HP: 29/40 MP: 3/3
  1709 | D:3      | Noticed Terence
  1724 | D:3      | Killed Terence
  1989 | D:3      | Reached XP level 5. HP: 43/47 MP: 4/4
  2253 | D:3      | Reached skill level 5 in Armour
  2717 | D:4      | Reached skill level 5 in Shields
  2717 | D:4      | Reached XP level 6. HP: 45/55 MP: 5/5
  2720 | D:4      | Reached skill level 5 in Fighting
  3090 | D:4      | Found a staircase to the Ecumenical Temple.
  3105 | Temple   | Entered the Ecumenical Temple
  3181 | Temple   | Became a worshipper of Warmaster Okawaru
  3559 | D:5      | Entered Level 5 of the Dungeon
  3761 | D:5      | Reached skill level 6 in Armour
  3783 | D:5      | Reached XP level 7. HP: 57/61 MP: 6/6
  3864 | D:5      | Reached skill level 5 in Long Blades
  4216 | D:6      | Reached * piety under Okawaru
  4216 | D:6      | Reached skill level 1 in Maces & Flails
  4597 | D:6      | Reached XP level 8. HP: 68/71 MP: 7/7
  4761 | D:6      | Found Puconiple's Antique Weapon Boutique.
  4774 | D:6      | Bought a runed falchion for 84 gold pieces
  5027 | D:7      | Reached skill level 7 in Fighting
  5226 | D:7      | Reached ** piety under Okawaru
  5368 | D:7      | Reached XP level 9. HP: 53/81 MP: 5/8
  5381 | D:7      | Reached skill level 8 in Fighting
  5381 | D:7      | Reached skill level 5 in Maces & Flails
  5480 | D:7      | Noticed a purple ugly thing
  5496 | D:7      | HP: 4/81 [purple ugly thing (12)]
  5533 | D:7      | Slain by a gnoll

Vault maps used:
D:1:      dpeg_chamrin_arrival_tetris, minmay_misc_feat_alley
D:2:      first_bread, serial_glass, glass_columns_c, glass_columns_b,
          uniq_jessica
D:3:      kennysheep_big_flooded_room, uniq_terence
D:4:      minmay_temple_entry_water_ring, minmay_surrounded
D:5:      minmay_misc_feat_diagonals
D:6:      serial_shops, shop, lexackson_kobold_supper
D:7:      hangedman_cross_stitches
Temple:   minmay_crystal_snake_temple_18

Action                   |  1- 3 |  4- 6 |  7- 9 || total
-------------------------+-------+-------+-------++-------
Melee: Long sword        |    72 |   181 |   180 ||   433
       Whip              |       |    23 |    27 ||    50
Invok: Heroism           |       |       |     1 ||     1
Evoke: Wand              |       |     1 |     4 ||     5
  Use: Scroll            |     3 |     8 |     9 ||    20
       Potion            |       |       |     3 ||     3
  Eat: Chunk             |     1 |     6 |     3 ||    10
       Meat ration       |       |     1 |       ||     1
